 Dungeon Crawl Stone Soup version 0.32-a0-314-g526f7d4993 (webtiles) character file.

Game seed: 3938300262549953798

522 Strat the Ruffian (level 7, 49/52 HPs)
             Began as a Yellow Draconian Shapeshifter on Feb 15, 2024.
             Quit the game on level 4 of the Dungeon.
             The game lasted 00:04:49 (2908 turns).

Strat the Ruffian (Yellow Draconian Shapeshifter)   Turns: 2908, Time: 00:04:50

Health: 49/52      AC:  6    Str: 19    XL:     7   Next: 2%
Magic:  7/7        EV: 12    Int: 10    God:
Gold:   214        SH:  0    Dex: 10    Spells: 6/6 levels left

rFire   . .          .
                       - Unarmed
rCold   . . .        (no shield)
rNeg    . . .        (body armour unavailable)
rPois   .            (helmet currently unavailable)
rElec   .            (cloak currently unavailable)
rCorr   +            (gloves currently unavailable)
SInv    .            (boots currently unavailable)
Will    .....        n - amulet of magic regeneration
Stlth   +            (no ring)
HPRegen 0.28/turn    (no ring)
MPRegen 0.50/turn

%: no passive effects
@: beast-form
A: beast (slay +3), spit acid, AC +6, unfitting armour, cold-blooded, acid
resistance
a: Breathe Acid, Begin Untransformation


You were on level 4 of the Dungeon.
You were a hulking beast.
You visited 1 branch of the dungeon, and saw 4 of its levels.
You also visited: Sewer.

You collected 238 gold pieces.
You spent 24 gold pieces at shops.

Inventory:

Missiles
 r - 11 poisoned darts (quivered)
Jewellery
 n - an amulet of magic regeneration (around neck)
Talismans
 b - a beast talisman (active)
 c - a flux talisman
 k - a blade talisman
Wands
 h - a wand of charming (10)
Scrolls
 d - a scroll of fear {unknown}
 e - a scroll of brand weapon {unknown}
 g - 2 scrolls of enchant weapon {unknown}
 i - 6 scrolls of teleportation {unknown}
 l - a scroll of noise {unknown}
 m - a scroll of poison {unknown}
 o - a scroll of revelation {unknown}
 p - a scroll of enchant armour {unknown}
 q - a scroll of butterflies {unknown}
Potions
 a - 2 potions of lignification
 f - a potion of might {unknown}


   Skills:
 - Level 1.1 Fighting
 - Level 1.7 Dodging
 + Level 6.0 Unarmed Combat
 + Level 5.6 Shapeshifting


You had 6 spell levels left.
You didn't know any spells.
Your spell library contained the following spells:

 Spells                   Type           Power      Damage    Failure   Level
 Dazzling Flash           Conj/Hex       0%         N/A       75%         3
 Frozen Ramparts          Ice            0%         1d1       75%         3
 Volatile Blastmotes      Fire/Tloc      0%         2d10      75%         3
 Brom's Barrelling Bould  Conj/Erth      0%         2d3       98%         4
 Fulminant Prism          Conj/Alch      0%         3d5       98%         4
 Iskenderun's Mystic Bla  Conj/Tloc      0%         2d3       98%         4
 Polar Vortex             Ice            0%         N/A       100%        9


Dungeon Overview and Level Annotations

Branches:
Dungeon (4/15)              Sewer (visited)
 Temple: D:4-7

Altars:

Shops:
D:1 *

Annotations:
D:1 2 transporters


Innate Abilities, Weirdness & Mutations

You are a hulking beast.
Your limbs bulge with bestial killing power. (Slay +3)
You can spit globs of acid.
Your golden yellow scales are hard. (AC +6)
You cannot fit into any form of body armour.
You are cold-blooded and may be slowed by cold attacks.
You are resistant to acid. (rCorr)


Message History

You hit the adder.
The adder is heavily wounded.
The adder misses you. The adder bites you but does no damage.
You barely miss the adder.
The adder is heavily wounded.
The adder barely misses you.
You punch the adder!
You kill the adder!
No target in view!
An endoplasm comes into view.
The endoplasm quivers.
Found 11 gold pieces.
The endoplasm hits you.
You hit the endoplasm.
The endoplasm is heavily wounded.
The endoplasm hits you but does no damage.
You hit the endoplasm.
You kill the endoplasm!
HP restored.
i - 6 scrolls labelled NUGUXY XYTRAU (gained 1)
You now have 203 gold pieces (gained 11).
You now have 214 gold pieces (gained 11).
As you open the door, it creaks loudly!
An adder and a dart slug come into view.
The adder hisses angrily.
Found a scroll of identify.
The adder barely misses you.
You hit the adder.
The adder is lightly wounded.
The adder closely misses you. x2
You hit the adder but do no damage. The adder bites you.
You punch the adder!
You kill the adder!
The dart slug launches a dart at you.
The slug dart hits you but does no damage.
You have reached level 7!
Your scales start taking on a golden yellow colour.
You can spit globs of acid.
You feel resistant to acid.
Are you sure you want to abandon this character and quit the game? (Confirm with "yes".)

# ######### ..##.
#.......#
..?...#.......#
......'.......########
..##..#..w...†.......#
#. ##+#####h......# .S
#.......# .. #......<#
.. #.......+ .
#.......# #.......#
##+#####.. .. ...


You could see a dart slug.

Vanquished Creatures
  Pargi (Sewer)
  2 kobold brigands (Sewer)
  Jessica (D:2)
  An orc wizard (D:3)
  Robin (D:2)
  6 adders
  6 dart slugs
  4 ribbon worms (D:3)
  4 orcs (D:3)
  6 ball pythons
  9 bats
  6 endoplasms
  3 giant cockroaches
  5 goblins
  7 hobgoblins
  6 jackals
  10 kobolds
  2 quokkas
  5 frilled lizards
  5 rats
90 creatures vanquished.

Notes
Turn   | Place    | Note
-------+----------+-------------------------------------------
     0 | D:1      | Strat the Draconian Shapeshifter began the quest for the
                  | Orb.
     0 | D:1      | Reached XP level 1. HP: 16/16 MP: 1/1
    38 | D:1      | Found Huude's General Store.
   109 | D:1      | Reached XP level 2. HP: 22/23 MP: 2/2
   341 | D:1      | Reached XP level 3. HP: 28/28 MP: 3/3
   761 | D:1      | Got the Handbook of Radiant Hypothermia
   863 | D:1      | Bought a scroll of identify for 24 gold pieces
  1002 | D:2      | Reached skill level 4 in Unarmed Combat
  1015 | D:2      | Reached XP level 4. HP: 21/35 MP: 4/4
  1118 | D:2      | Noticed Jessica
  1132 | D:2      | Killed Jessica
  1515 | D:2      | Noticed Robin
  1559 | D:2      | Killed Robin
  1560 | D:2      | Reached XP level 5. HP: 36/40 MP: 5/5
  2063 | D:3      | Found a glowing drain.
  2093 | Sewer    | Entered a sewer
  2185 | Sewer    | Noticed Pargi
  2230 | Sewer    | Killed Pargi
  2231 | Sewer    | Reached skill level 5 in Unarmed Combat
  2231 | Sewer    | Reached skill level 5 in Shapeshifting
  2231 | Sewer    | Reached XP level 6. HP: 19/47 MP: 6/6
  2770 | D:3      | Reached skill level 6 in Unarmed Combat
  2908 | D:4      | Your scales start taking on a golden yellow colour.
  2908 | D:4      | Reached XP level 7. HP: 49/52 MP: 7/7
  2908 | D:4      | Gained mutation: You are resistant to acid. (rCorr) [Yellow
                  | Draconian growth]
  2908 | D:4      | Quit the game

Illustrated notes

Levels and vault maps discovered:
D:1:      spicycebolla_arrival_transporter_tutorial, layout_basic, serial_shops,
          nicolae_shop_behind_doors
D:2:      layout_basic, uniq_robin, uniq_jessica
D:3:      layout_basic, cheibrodos_sewer_entry_sluice, nicolae_wormholes
D:4:      layout_gridville

Skill      XL: |  1  2  3  4  5  6 |
---------------+-------------------+-----
Unarmed Combat | 4 5 6 |  6.0
Shapeshifting  | 4 5 |  5.6
Fighting       | |  1.1
Dodging        | |  1.7

Action                     |  1- 3 |  4- 6 |  7- 9 || total
---------------------------+-------+-------+-------++-------
  Melee: Unarmed           |    65 |   171 |       ||   236
         Tailslap          |     9 |    12 |       ||    21
         Punch             |       |     4 |       ||     4
    Use: Scroll            |     2 |     1 |       ||     3
         Potion            |       |     5 |       ||     5
   Stab: Sleeping          |     1 |     1 |       ||     2
         Distracted        |       |     1 |       ||     1
 Armour: Skin              |    41 |   103 |       ||   144
  Dodge: Dodged            |    56 |   128 |       ||   184

Table legend: (Time is in decaauts)
 A = Elapsed time spent in this place.
 B = Non-inter-level travel time spent in this place.
 C = Inter-level travel time spent in this place.
 D = Time resting spent in this place.
 E = Time spent auto-exploring this place.
 F = Levels seen in this place.
 G = Mean time per level.
                   A        B        C        D        E       F      G
               +--------+--------+--------+--------+--------+-----+--------+
         Total |   2876 |   2773 |    103 |    119 |   1952 |   5 |  575.2 |
       Dungeon |   2534 |   2431 |    103 |      0 |   1847 |   4 |  633.5 |
         Sewer |    341 |    341 |      0 |    119 |    105 |   1 |  341.0 |
               +--------+--------+--------+--------+--------+-----+--------+

Top non-repeatable levels by time:
     D:2: 909 daAuts
     D:1: 871 daAuts
     D:3: 707 daAuts
   Sewer: 341 daAuts
     D:4: 46 daAuts
